Map: Central Protocol

Players

Miszu

  • Race: Terran Terran
  • League: Grandmaster

CentralPork - Winner!

  • Race: Zerg Zerg
  • League: Master

VOD

Have the link to the VOD?

Description

Time

  • Played on: Feb. 21, 2016, 3 p.m.
  • Length: 6:37
Show
View Real Time Build Order
Export as new Build Order

Miszu Terran 

Build Orders:  

Get SALT Encoding   

  12  0:00  SCV  
  13  0:13  SCV  
  14  0:17  Supply Depot  
  14  0:25  SCV  
  14  0:28  Refinery  
  15  0:39  SCV  
  16  0:45  Barracks  
  16  0:51  SCV  
  17  1:03  SCV  
  18  1:07  Barracks  
  18  1:15  SCV  
  19  1:24  Barracks  
  20  1:35  Reaper  
  20  1:40  Orbital Command  
  20  1:52  Supply Depot  
  20  1:55  Reaper  
  21  2:06  SCV  
  21  2:08  Refinery, Reaper  
  23  2:18  SCV  
  23  2:20  Reaper  
  25  2:25  Supply Depot  
  25  2:27  Reaper  
  26  2:30  SCV  
  27  2:41  Reaper  
  28  2:52  SCV  
  28  2:57  Reaper  
  31  3:05  Reaper  
  31  3:06  SCV  
  31  3:09  Command Center  
  31  3:15  Reaper  
  31  3:18  SCV  
  33  3:30  SCV  
  31  3:42  SCV  
  31  3:43  Barracks Tech Lab  
  32  3:51  Barracks Reactor  
  32  3:52  Barracks Tech Lab  
  32  3:54  SCV  
  32  4:02  Command Center  
  32  4:12  Marine x2  
  32  4:16  SCV  
  35  4:30  Marine x2  
  37  4:36  Marine x2  
  38  4:38  SCV  
  38  4:45  Orbital Command  
  39  4:48  Marine x2  
  39  4:50  SCV  
  42  4:54  Marine x2  
  42  4:58  Combat Shields  
  44  5:02  SCV  
  45  5:11  Supply Depot, Marine  
  47  5:15  SCV  
  47  5:17  Orbital Command  
  47  5:23  Marine  
  47  5:26  Marine, Orbital Command  
  47  5:27  Marine  
  43  5:30  Bunker  
  43  5:31  Marine  
  44  5:41  Marine, SCV  
  45  5:44  Marine x2  
  46  5:54  Bunker  
  46  5:55  Marine  
  37  5:59  Marine  
  37  6:02  Marine x2  
  37  6:03  SCV  
  37  6:10  Factory  
  37  6:11  SCV  
  37  6:12  Marine, SCV  
  37  6:16  Marine, SCV  
  42  6:23  SCV  
  42  6:24  SCV  
Show
View Real Time Build Order
Export as new Build Order

CentralPork Zerg - Winner!

Build Orders: Hatch First 

Get SALT Encoding   

  12  0:01  Drone  
  13  0:12  Overlord  
  13  0:19  Drone  
  14  0:31  Drone x2  
  16  0:38  Drone  
  17  0:54  Hatchery  
  16  1:03  Extractor  
  15  1:08  Spawning Pool  
  14  1:12  Drone  
  14  1:15  Drone  
  16  1:19  Drone  
  17  1:30  Drone  
  18  1:35  Overlord  
  18  1:54  Queen  
  18  1:56  Zergling x4  
  21  2:21  Metabolic Boost  
  21  2:22  Roach Warren  
  20  2:24  Drone x2  
  20  2:28  Queen  
  24  2:34  Zergling x2  
  25  2:44  Zergling x2  
  25  2:48  Zergling x2  
  26  3:05  Roach x4  
  29  3:12  Zergling x2  
  31  3:23  Roach x2  
  31  3:25  Overlord  
  34  3:49  Zergling x12  
  34  3:55  Overlord  
  38  4:15  Zergling x10  
  39  4:35  Zergling x2  
  39  4:36  Zergling x10  
  42  4:52  Roach x2  
  44  4:53  Roach  
  44  5:07  Roach x2  
  47  5:28  Overlord  
  46  5:29  Drone x4  
  50  5:40  Overlord x2  
  42  5:58  Zergling x8  
  42  5:59  Zergling x4  
  42  6:00  Zergling x2  
  44  6:05  Ravager x3  
  44  6:09  Ravager x2  
  49  6:17  Zergling x2  
  49  6:18  Zergling x4  
Tags
 
Add a new tag
Caveats
  • Supply blocks, unpowered buildings, or Contaminate may cause inaccurate times.
  • Supply counts are checked every 10 seconds.